 Dungeon Crawl Stone Soup version 0.25.1-8-g42b30a86e7 (webtiles) character file.

Game seed: 15036237082211077423

8713 hawla the Destroyer (level 11, -7/81 HPs)
             Began as a Grey Draconian Conjurer on Dec 7, 2020.
             Was a Believer of Vehumet.
             Killed from afar by a wizard (24 damage)
             ... with a crystal spear
             ... on level 10 of the Dungeon on Dec 8, 2020.
             The game lasted 00:40:42 (14629 turns).

hawla the Destroyer (Grey Draconian Conjurer)      Turns: 14629, Time: 00:40:42

Health: -7/81      AC: 14    Str: 10    XL:     11   Next: 13%
Magic:  18/24      EV: 13    Int: 19    God:    Vehumet [**....]
Gold:   761        SH:  0    Dex: 12    Spells: 20/28 levels left

rFire    . . .     SeeInvis .   q - +0 quarterstaff
rCold    . . .     Gourm    .   (shield currently unavailable)
rNeg     . . .     Faith    .   (armour unavailable)
rPois    .         Spirit   .   (helmet restricted)
rElec    .         Reflect  .   A - scarf {+Inv}
rCorr    .         Harm     .   a - +1 pair of gloves
MR       .....                  (no boots)
Stlth    ++........             (no amulet)
HPRegen  0.23/turn              (no ring)
MPRegen  0.19/turn              (no ring)

@: drained
A: walk through water, unfitting armour, unbreathing, cold-blooded, AC +12
a: Renounce Religion, Evoke Invisibility


You were on level 10 of the Dungeon.
You worshipped Vehumet.
Vehumet was pleased with you.
You were not hungry.

You visited 2 branches of the dungeon, and saw 11 of its levels.

You collected 761 gold pieces.

Inventory:

Hand Weapons
 q - a +0 quarterstaff (weapon)
Missiles
 w - 77 poisoned darts (quivered)
Armour
 a - a +1 pair of gloves (worn)
 A - a scarf of invisibility (worn)
Magical Staves
 y - an uncursed staff of cold
Jewellery
 n - a cursed amulet of inaccuracy
Wands
 e - a wand of iceblast (14)
 m - a wand of paralysis (19)
 o - a wand of polymorph (15)
 u - a wand of enslavement (8)
 z - a wand of acid (7)
 D - a wand of random effects (17)
Scrolls
 c - 4 scrolls of amnesia
 f - 5 scrolls of teleportation
 h - 3 scrolls of remove curse
 B - a scroll of enchant weapon
 C - a scroll of enchant armour
 E - 3 scrolls of identify
 F - a scroll of immolation {unknown}
Potions
 d - 2 potions of flight
 g - 3 potions of might
 i - 10 potions of curing
 j - 3 potions of heal wounds {unknown}
 k - a potion of cancellation
 l - a potion of resistance
 r - 2 potions of haste {unknown}
 t - 2 potions of ambrosia {unknown}
 v - 2 potions of stabbing {unknown}
 x - a potion of berserk rage {unknown}
 G - 2 potions of mutation {unknown}
Comestibles
 b - 20 rations
 p - 11 chunks of flesh


   Skills:
 + Level 2.7(1.9) Fighting
 + Level 3.1(2.3) Staves
 + Level 4.3(3.4) Dodging
 + Level 3.5(2.7) Stealth
 + Level 9.4(8.4) Spellcasting
 + Level 10.0(9.0) Conjurations
 + Level 7.0(6.1) Translocations
 * Level 3.3(2.4) Ice Magic
 * Level 2.5(1.7) Evocations


You had 20 spell levels left.
You knew the following spells:

 Your Spells              Type           Power        Failure   Level  Hunger
a - Magic Dart            Conj           ####         1%          1    None
b - Searing Ray           Conj           #####.       1%          2    None
c - Iskenderun's Mystic   Conj/Tloc      #####...     3%          4    ###....
d - Freeze                Ice            ###.         3%          1    None

Your spell library contained the following spells:

 Spells                   Type           Power        Failure   Level  Hunger
 Foxfire                  Conj/Fire      ####         1%          1    None
 Dazzling Flash           Conj/Hex       ####..       4%          3    None
 Ensorcelled Hibernation  Hex/Ice        ##....       8%          2    None
 Corona                   Hex            #......      9%          1    None
 Fulminant Prism          Conj/Hex       ####......   14%         4    ###....
 Confusing Touch          Hex            #.......     26%         3    None
 Tukima's Dance           Hex            #.......     26%         3    None


Dungeon Overview and Level Annotations

Branches:
Dungeon (10/15)            Temple (1/1) D:7             Orc (0/2) D:10
   Lair: D:8-11

Altars:
Ashenzari
Cheibriados
Dithmenos
Elyvilon
Fedhas
Gozag
Hepliaklqana
Kikubaaqudgha
Makhleb
Nemelex Xobeh
Okawaru
Qazlal
Ru
Sif Muna
Trog
Uskayaw
Vehumet
Wu Jian
Xom
Yredelemnul
Zin
The Shining One

Shops:
D:5 (

Annotations:
D:4 2 runed translucent doors, hehateme's ghost, novice KoFi
D:6 1 runed translucent door, 0gre's ghost, novice MfIE
D:10 Josephine


Innate Abilities, Weirdness & Mutations

You can walk through water.
Your dull iron-grey scales are very hard. (AC +12)
You cannot fit into any form of body armour.
You can survive without breathing.
You are cold-blooded and may be slowed by cold attacks.


Message History

Aim: a wizard, wielding a +0 dagger and wearing a +0 robe (lightly wounded, fast)
The searing ray hits the wizard!
The wizard is moderately wounded. (Press . to maintain the ray.)
The wizard casts a spell at you. The bolt of cold hits you!!
The searing ray hits the wizard!
The wizard is severely wounded.
The searing ray misses the wizard.
The searing ray misses the wizard.
You finish channeling your searing ray.
The wizard barely misses you.
The wizard drinks a potion.
The wizard is healed!
The wizard casts a spell at you. The crystal spear hits you!!!
Ouch! That really hurt!
* * * LOW HITPOINT WARNING * * *
You feel better.
The wizard points at you and mumbles some strange words.
The crystal spear hits you!!
You die...

#>.....)...#########'#
#..........'.#........
#..........#.#.....><.
#....).....#.'........
#..........# #........
####'####### ######'##
#.# #.# #.### #.#
#.@.# #.# ###p# #.#
... ##.# ...# #..#
...# #.## ...#
#######.### ....
...........
...#########.### ###.#


You could see a wizard (fast).

Vanquished Creatures
  Harold (D:7)
  A hydra (D:8)
  Pikel (D:6)
  A gargoyle (D:10)
  2 trolls (D:10)
  2 dream sheep (D:8)
  A hippogriff (D:9)
  2 yaks (D:8)
  3 wyverns
  Menkaure (D:4)
  A water moccasin (D:10)
  6 orc warriors
  3 sky beasts
  A slave (D:7)
  A black bear (D:6)
  6 ogres
  4 phantoms
  4 centaurs
  6 big kobolds
  2 bullfrogs (D:6)
  A gnoll sergeant (D:10)
  A wyvern zombie (D:8)
  A water moccasin skeleton (D:6)
  A scorpion (D:4)
  5 killer bees (D:8)
  6 howler monkeys
  6 crimson imps
  2 centaur zombies
  A centaur skeleton (D:4)
  3 hounds
  2 jellies
  A gnoll shaman (D:7)
  5 orc priests
  6 orc wizards
  3 iguanas
  8 worker ants
  A hound skeleton (D:4)
  2 worker ant zombies
  10 adders
  10 gnolls
  A shadow imp (D:5)
  An ooze (D:1)
  2 adder zombies
  A worm (D:2)
  3 dart slugs
  7 leopard geckos
  32 orcs
  2 ball pythons
  5 giant cockroaches
  10 goblins
  4 hobgoblins
  6 jackals
  6 quokkas
  6 bats
  5 frilled lizards
  13 kobolds
  2 quokka zombies (D:7)
  7 rats
237 creatures vanquished.

Vanquished Creatures (others)
  A bullfrog zombie (D:7)
  A quokka (D:5)
  A plant (D:8)
3 creatures vanquished.

Grand Total: 240 creatures vanquished

Notes
Turn   | Place    | Note
-------+----------+-------------------------------------------
     0 | D:1      | hawla the Draconian Conjurer began the quest for the Orb.
     0 | D:1      | Reached XP level 1. HP: 14/14 MP: 3/3
   356 | D:1      | Reached XP level 2. HP: 13/20 MP: 0/5
   477 | D:1      | Learned a level 2 spell: Searing Ray
   846 | D:1      | Reached XP level 3. HP: 24/26 MP: 0/7
  1548 | D:2      | Reached skill level 5 in Conjurations
  1703 | D:2      | Reached XP level 4. HP: 33/33 MP: 4/8
  1714 | D:2      | Found a burning altar of Makhleb.
  2550 | D:3      | Found a faded altar of an unknown god.
  2782 | D:3      | Found a glowing silver altar of Zin.
  3125 | D:3      | Learned a level 4 spell: Iskenderun's Mystic Blast
  3450 | D:3      | Reached skill level 1 in Translocations
  3450 | D:3      | Reached XP level 5. HP: 38/38 MP: 3/10
  3546 | D:3      | Found an iron altar of Okawaru.
  3872 | D:4      | Noticed a phantom
  4169 | D:4      | Killed a phantom
  4169 | D:4      | Reached XP level 6. HP: 45/45 MP: 4/11
  4241 | D:4      | Found a sacrificial altar of Ru.
  4386 | D:4      | Noticed Menkaure
  4392 | D:4      | Killed Menkaure
  4594 | D:4      | Noticed a sky beast
  4605 | D:4      | Killed a sky beast
  4605 | D:4      | Your scales start taking on a dull iron-grey colour.
  4605 | D:4      | Reached XP level 7. HP: 42/50 MP: 5/13
  4605 | D:4      | Gained mutation: You can survive without breathing. [Grey
                  | Draconian growth]
  5024 | D:4      | Reached skill level 6 in Conjurations
  5400 | D:4      | Found a runed translucent door.
  5405 | D:4      | Noticed hehateme's ghost (novice KoFi)
  5419 | D:4      | Found a runed translucent door.
  5487 | D:5      | Entered Level 5 of the Dungeon
  5548 | D:5      | Reached skill level 5 in Spellcasting
  5548 | D:5      | Reached skill level 5 in Translocations
  5862 | D:5      | Reached XP level 8. HP: 32/57 MP: 10/15
  6499 | D:5      | Found Qacan's Weapon Boutique.
  7124 | D:6      | Reached skill level 7 in Conjurations
  7400 | D:6      | Found a runed translucent door.
  7402 | D:6      | Noticed 0gre's ghost (novice MfIE)
  7536 | D:6      | Found a stormy altar of Qazlal.
  7827 | D:6      | Found a radiant altar of Vehumet.
  7834 | D:6      | Became a worshipper of Vehumet
  8202 | D:6      | Found a glowing golden altar of the Shining One.
  8640 | D:7      | Found a staircase to the Ecumenical Temple.
  8678 | Temple   | Entered the Ecumenical Temple
  9062 | D:7      | Reached XP level 9. HP: 63/63 MP: 5/19
  9081 | D:7      | Reached skill level 1 in Fighting
  9338 | D:7      | Found an ancient bone altar of Kikubaaqudgha.
  9671 | D:7      | Noticed Harold
  9676 | D:7      | Noticed Pikel
  9692 | D:6      | Killed Pikel
  9692 | D:6      | Reached skill level 8 in Conjurations
  9929 | D:7      | Killed Harold
  9929 | D:7      | Reached skill level 1 in Staves
 10612 | D:8      | Reached skill level 9 in Conjurations
 10818 | D:8      | Reached * piety under Vehumet
 10818 | D:8      | Offered knowledge of Freeze by Vehumet.
 10850 | D:8      | Reached XP level 10. HP: 33/73 MP: 2/22
 10890 | D:8      | Learned a level 1 spell: Freeze
 11790 | D:8      | Reached skill level 1 in Ice Magic
 12000 | D:8      | Noticed a two-headed hydra
 12030 | D:8      | Killed a two-headed hydra
 12030 | D:8      | Reached skill level 1 in Evocations
 13364 | D:10     | Entered Level 10 of the Dungeon
 13394 | D:10     | Noticed a gargoyle
 13409 | D:10     | Offered knowledge of Foxfire by Vehumet.
 13409 | D:10     | Reached ** piety under Vehumet
 13418 | D:10     | Killed a gargoyle
 13804 | D:10     | Reached XP level 11. HP: 77/81 MP: 12/24
 14006 | D:10     | Found a staircase to the Orcish Mines.
 14315 | D:10     | Noticed Josephine
 14328 | D:10     | Noticed a wizard
 14519 | D:10     | Reached skill level 10 in Conjurations
 14629 | D:10     | Killed from afar by a wizard

Illustrated notes

Levels and vault maps discovered:
D:1:      minmay_arrival_four_loops, layout_basic
D:2:      layout_loops_ring, lemuel_doored_altar
D:3:      layout_basic, old_standard_altar, overflow_temple_1_default,
          serial_corexii_hall, corexii_hall_statues_l,
          chequers_hall_statues_corner_a, corexii_hall_statues_deadend,
          corexii_hall_statues_x, chequers_ecumenical_altar_grove,
          chequers_avenue
D:4:      minmay_razor_zed, layout_rooms, nicolae_ru_path_of_blood,
          first_ration, ebering_ghost_sewer_f, uniq_menkaure
D:5:      layout_basic, serial_shops, shop_statue, lemuel_flamethrower_2
D:6:      layout_basic, tso_oasis_becter, kennysheep_little_box,
          nicolae_qazlal_general_emergency, ebering_ghost_sewer_d, minivault_19,
          chequers_serial_rivers_small_b
D:7:      layout_basic, overflow_temple_1_default, lemuel_temple_firewalk_b,
          grunt_potential, uniq_pikel, uniq_harold
D:8:      layout_loops_ring, hangedman_ranch [blue_anna_fruit_fields]
D:9:      layout_long_grid
D:10:     layout_roguey, kennysheep_orc_monster_closet_entryway,
          minmay_librarian, uniq_josephine
Temple:   dpeg_chambers_temple

Skill      XL: |  1  2  3  4  5  6  7  8  9 10 11 |
---------------+----------------------------------+-----
Spellcasting   | 3 4 5 6 8 9 |  9.4
Conjurations   | 5 6 7 9 10 | 10.0
Translocations | 1 3 4 5 6 7 |  7.0
Dodging        | 2 3 4 |  4.3
Stealth        | 2 3 |  3.5
Fighting       | 1 2 |  2.7
Staves         | 1 3 |  3.1
Ice Magic      | 2 3 |  3.3
Evocations     | 2 |  2.5

Action                   |  1- 3 |  4- 6 |  7- 9 | 10-12 || total
-------------------------+-------+-------+-------+-------++-------
Melee: Unarmed           |    25 |    10 |       |       ||    35
       Tailslap          |     5 |     2 |     2 |     2 ||    11
       Quarterstaff      |       |       |    16 |    22 ||    38
       Staff             |       |       |       |     1 ||     1
 Cast: Magic Dart        |    52 |    59 |    50 |    47 ||   208
       Searing Ray       |     8 |    31 |    78 |    46 ||   163
       Iskenderun's Myst |       |     2 |    17 |    24 ||    43
       Freeze            |       |       |       |    17 ||    17
Evoke: Wand              |       |       |       |    10 ||    10
  Use: Scroll            |     2 |     2 |    16 |     6 ||    26
       Potion            |       |       |     2 |     5 ||     7
  Eat: Chunk             |     3 |     7 |    15 |    10 ||    35
       Ration            |       |     1 |     2 |     1 ||     4
Armor: Skin              |     7 |    14 |    54 |    50 ||   125
Dodge: Dodged            |    26 |    24 |   104 |    55 ||   209
